 Dungeon Crawl Stone Soup version 0.17.2-1-ge4368a0 (webtiles) character file.

1335 mopl the Insei (level 8, -1/64 HPs)
             Began as a Mummy Monk on July 24, 2017.
             Slain by a black bear (8 damage)
             ... on level 5 of the Dungeon.
             The game lasted 00:12:32 (9916 turns).

mopl the Insei (Mummy Monk)                         Turns: 9916, Time: 00:12:32

Health: -1/64      AC:  3    Str: 14    XL:     8   Next: 35%
Magic:  8/8        EV: 15    Int: 10    God:
Gold:   340        SH:  0    Dex: 16    Spells: 0 memorised, 7 levels left

rFire  x . .     SeeInvis .       - Unarmed
rCold  + . .     Clarity  .     (no armour)
rNeg   + + +     SustAt   .     (no shield)
rPois  ∞         Gourm    .     d - +1 helmet
rElec  .         Spirit   .     f - +0 cloak
rCorr  .         Warding  .     (no gloves)
rMut   .         Stasis   .     (no boots)
MR     +....                    (no amulet)
Stlth  ++........               (no ring)
                                (no ring)

@: somewhat resistant to hostile enchantments, unstealthy
A: no food or potions, fire vulnerability, cold resistance 1, negative energy
resistance 3, torment resistance, unbreathing
a: no special abilities


You were on level 5 of the Dungeon.
You were not hungry.

You visited 2 branches of the dungeon, and saw 7 of its levels.

You collected 340 gold pieces.

Inventory:

Armour
 d - a +1 helmet (worn)
 f - a +0 cloak (worn)
 g - a +0 shield
Scrolls
 a - 4 scrolls of remove curse
 b - a scroll of random uselessness
 c - 2 scrolls of teleportation
 e - a scroll of fear
 h - 5 scrolls of identify
 i - a scroll of fog {unknown}


   Skills:
 + Level 5.7 Fighting
 + Level 4.8 Dodging
 - Level 1.5 Stealth
 * Level 7.0 Unarmed Combat


You had 7 spell levels left.
You didn't know any spells.

Dungeon Overview and Level Annotations

Branches:
Dungeon (6/15)             Temple (1/1) D:4

Altars:
Okawaru
Ru
Trog
The Shining One

Annotations:
D:5 asdu's ghost, amateur DDWn


Innate Abilities, Weirdness & Mutations

You do not eat or drink.
Your flesh is vulnerable to fire.
You are immune to poison.
Your flesh is cold resistant.
You are immune to negative energy.
You are immune to unholy pain and torment.
You can survive without breathing.


Message History

The black bear claws you. The black bear barely misses you.
You closely miss the black bear.
The black bear is severely wounded.
The black bear bites you. The black bear closely misses you.
The black bear claws you but does no damage.
You hit the black bear.
The black bear is almost dead.
The black bear barely misses you. The black bear misses you.
The black bear claws you.
* * * LOW HITPOINT WARNING * * *
You hit the black bear.
The black bear is almost dead.
The black bear bites you!
* * * LOW HITPOINT WARNING * * *
The black bear misses you. The black bear claws you.
* * * LOW HITPOINT WARNING * * *
You completely miss the black bear.
The black bear is almost dead.
The black bear bites you!
You die...

#...######....
####..........###
#..<).)<.....####
####.###).####.%....
#.........# #..####
#.........# #..#
##......(..# #..#
#....h.....# #..#
#...@....### #..#
#........######..#
#....(...........####
#.###.###.#####......
#.###(...........####
#.##.......####.##
#.##..##.#.# ##.##
#.##..##.#.###...####
#.##..##.............


You could see a black bear (berserk).

Vanquished Creatures
  A trapdoor spider zombie (D:5)
  A black bear (D:6)
  2 ogres
  A centaur (D:5)
  A giant frog (D:5)
  2 scorpions (D:6)
  A giant frog skeleton (D:4)
  2 orc priests
  A crimson imp (D:5)
  Crazy Yiuf (D:2)
  Ijyb (D:2)
  3 iguanas
  3 orc wizards
  A worker ant (D:4)
  Robin (D:2)
  6 gnolls
  6 adders
  A shadow imp (D:5)
  2 oozes
  An adder zombie (D:5)
  3 worms
  4 giant geckos
  12 orcs
  8 bats
  11 goblins
  17 hobgoblins
  15 jackals
  2 quokkas (D:3)
  A ball python (D:1)
  11 giant cockroaches
  2 giant gecko skeletons
  5 giant newts
  14 kobolds
  14 rats
157 creatures vanquished.

Vanquished Creatures (others)
  A fungus (D:2)
1 creature vanquished.

Grand Total: 158 creatures vanquished

Notes
Turn   | Place    | Note
--------------------------------------------------------------
     0 | D:1      | mopl the Mummy Monk began the quest for the Orb.
     0 | D:1      | Reached XP level 1. HP: 18/18 MP: 1/1
   344 | D:1      | Reached XP level 2. HP: 13/24 MP: 2/2
  1091 | D:1      | Reached XP level 3. HP: 24/29 MP: 3/3
  1167 | D:2      | Noticed Robin
  1174 | D:2      | Killed Robin
  1385 | D:2      | Noticed Ijyb
  1403 | D:2      | Killed Ijyb
  1403 | D:2      | Reached skill level 4 in Unarmed Combat
  1403 | D:2      | Reached XP level 4. HP: 24/35 MP: 4/4
  2126 | D:2      | Reached skill level 3 in Dodging
  3481 | D:2      | Reached XP level 5. HP: 25/41 MP: 5/5
  3613 | D:2      | Noticed Crazy Yiuf
  3626 | D:2      | Killed Crazy Yiuf
  4005 | D:3      | Found an iron altar of Okawaru.
  5117 | D:4      | Reached skill level 4 in Fighting
  5201 | D:4      | Reached skill level 5 in Unarmed Combat
  5201 | D:4      | Reached XP level 6. HP: 35/48 MP: 6/6
  5282 | D:4      | Found a bloodstained altar of Trog.
  5571 | D:4      | Found a staircase to the Ecumenical Temple.
  5588 | Temple   | Entered the Ecumenical Temple
  6075 | D:4      | Found a glowing golden altar of the Shining One.
  6084 | D:4      | Noticed an ogre
  6529 | D:5      | Entered Level 5 of the Dungeon
  6544 | D:5      | Noticed a trapdoor spider zombie
  7329 | D:5      | Killed a trapdoor spider zombie
  7329 | D:5      | Reached skill level 4 in Dodging
  7329 | D:5      | Reached XP level 7. HP: 50/55 MP: 7/7
  7371 | D:5      | Noticed asdu's ghost (amateur DDWn)
  7821 | D:5      | Reached skill level 5 in Fighting
  7821 | D:5      | Reached skill level 6 in Unarmed Combat
  8374 | D:5      | Found a sacrificial altar of Ru.
  8552 | D:4      | Killed an ogre
  8552 | D:4      | Reached XP level 8. HP: 22/62 MP: 8/8
  9813 | D:6      | Found a bloodstained altar of Trog.
  9831 | D:6      | Reached skill level 7 in Unarmed Combat
  9916 | D:5      | Slain by a black bear

Action                   |  1- 3 |  4- 6 |  7- 9 || total
-------------------------+-------+-------+-------++-------
Melee: Unarmed           |   139 |   419 |   229 ||   787
  Use: Scroll            |     3 |     5 |     1 ||     9
 Stab: Sleeping          |     3 |     8 |     2 ||    13
